 Dungeon Sprint DCSS version 0.31.0 (webtiles) character file.

Game seed: 6454334481468953231

11798 Turgor the Severer (level 11, -4/169 HPs)
             Began as a Minotaur Monk on Jan 19, 2024.
             Was a Priest of Ru.
             Slain by a searing wretch (23 damage)
             ... in the Dungeon (Sprint V: "Ziggurat Sprint").
             The game lasted 00:16:31 (630 turns).

Turgor the Severer (Minotaur Monk)                   Turns: 630, Time: 00:16:31

Health: -4/169     AC: 34    Str: 36    XL:     11   Next: 54%
Magic:  10/10      EV:  2    Int:  7    God:    Ru [***...]
Gold:   0          SH: 31    Dex: 12    Spells: 10/10 levels left

rFire   + + .        l - +5 broad axe
rCold   + + .        I - +18 shield of the Gong {Loud rN+ Will+ rCorr EV-5}
rNeg    + . .        a - +9 gold dragon scales
rPois   +            (helmet restricted)
rElec   +            O - +0 cloak {rPois}
rCorr   +            L - +2 pair of gloves {Str+3}
SInv    .            (no boots)
Will    +....        y - amulet of the acrobat Stlth
                     C - +6 ring of strength
HPRegen 0.48/turn    D - +6 ring of strength
MPRegen 0.12/turn

%: no teleportation, acrobat
@: berserking, resistant, studying Long Blades, very quick
A: horns 2, inability to read after injury 2, no stealth, inability to train
dodging, retaliatory headbutt
a: Renounce Religion, Sacrifice Courage, Sacrifice Resistance, Sacrifice Arcana,
Reject Sacrifices, Draw Out Power


You were in the Dungeon.
You worshipped Ru.
Ru was most pleased with you.
You visited 1 branch

Inventory:

Hand Weapons
 l - a +5 broad axe (weapon)
 E - the +8 lance "Wyrmbane" {slay drac, rPois rF+ rC+ AC+3}
   (You found it in the Dungeon)

   AC+3:      It affects your AC (+3).
   rF+:       It protects you from fire.
   rC+:       It protects you from cold.
   rPois:     It protects you from poison
 F - the +27 heavy crossbow "Sniper" {heavy, Acc+∞ SInv}
   (You found it in the Dungeon)

   Acc+∞: It never misses its target.
   SInv:      It lets you see invisible.
 G - the +16 obsidian axe {drain, demonic, Mesm ^Drain Fly SInv}
   (You found it in the Dungeon)

   Mesm:      Its wielder is mesmerised by any visible foes, and it cannot be
   unequipped while any foes are visible.
   SInv:      It lets you see invisible.
   Fly:       It grants you flight.
   ^Drain:    It drains your maximum health when unequipped.
Armour
 a - +9 gold dragon scales (worn)
 b - a +5 crystal plate armour
 d - a +3 buckler
 k - a +3 tower shield
 H - the +15 Maxwell's patent armour {-Cast -Tele rElec Will+ rCorr}
   (You found it in the Dungeon)

   rElec:     It insulates you from electricity.
   Will+:     It increases your willpower.
   -Cast:     It prevents spellcasting.
   -Tele:     It prevents most forms of teleportation.
   rCorr:     It protects you from acid and corrosion.
 I - the +18 shield of the Gong (worn) {Loud rN+ Will+ rCorr EV-5}
   (You found it in the Dungeon)

   Loud:      It is deafeningly noisy when blocking attacks.
   EV-5:      It affects your evasion (-5).
   rN+:       It protects you from negative energy.
   Will+:     It increases your willpower.
   rCorr:     It protects you from acid and corrosion.
 L - a +2 pair of gloves of strength (worn)
 O - a +0 cloak of poison resistance (worn)
Magical Staves
 z - a staff of air
 M - the staff "Buog" {rElec rF+ Fire}
   (You found it in the Dungeon)

   [staff of fire]

   Base accuracy: +5 Base damage: 5 Base attack delay: 1.2 This weapon's minimum
   attack delay (0.6) is reached at skill level 12.
   rF+:       It protects you from fire.
   rElec:     It insulates you from electricity.
   Fire:      It increases the power of your Fire spells.
   It falls into the 'Staves' category.
   It is a one-handed weapon.
 N - the staff of Dionit {rElec rPois rF+ Alchemy}
   (You found it in the Dungeon)

   [staff of alchemy]

   Base accuracy: +5 Base damage: 5 Base attack delay: 1.2 This weapon's minimum
   attack delay (0.6) is reached at skill level 12.
   rF+:       It protects you from fire.
   rElec:     It insulates you from electricity.
   rPois:     It protects you from poison Alchemy: It increases the power of
   your Alchemy spells.
   It falls into the 'Staves' category.
   It is a one-handed weapon.
Jewellery
 y - an amulet of the acrobat (around neck)
 A - a ring of willpower
 C - a +6 ring of strength (left hand)
 D - a +6 ring of strength (right hand)
Wands
 t - a wand of roots (3)
 v - a wand of mindburst (7)
 w - a wand of light (6)
 B - a wand of paralysis (5)
 K - a wand of flame (27)
Scrolls
 j - 4 scrolls of blinking
 m - 4 scrolls of amnesia
 n - 7 scrolls of fog
 o - 5 scrolls of identify
 p - 2 scrolls of fear
 x - 4 scrolls of enchant weapon
Potions
 c - a potion of ambrosia
 e - 7 potions of curing
 f - 9 potions of heal wounds
 g - 6 potions of haste
 h - 7 potions of magic
 i - 2 potions of berserk rage
 q - 2 potions of brilliance
 r - 2 potions of invisibility
 s - 3 potions of resistance
 u - 4 potions of might
Miscellaneous
 J - a box of beasts (quivered)


   Skills:
 + Level 15.4 Fighting
 - Level 18.0 Axes
 + Level 15.0 Armour
 - Level 15.0 Shields
 - Level 10.0 Evocations


You had 10 spell levels left.
You didn't know any spells.
Your spell library contained the following spells:

 Spells                   Type           Power      Damage    Failure   Level
 Sting                    Conj/Alch      0%         1d3       99%         1
 Mercury Vapours          Alch/Air       0%         N/A       100%        2
 Confusing Touch          Hex            0%         N/A       100%        3
 Gell's Gravitas          Tloc           0%         N/A       100%        3
 Inner Flame              Hex/Fire       0%         N/A       100%        3
 Teleport Other           Tloc           0%         N/A       100%        3
 Tukima's Dance           Hex            0%         N/A       100%        3
 Brom's Barrelling Bould  Conj/Erth      0%         2d3       100%        4
 Dimensional Bullseye     Hex/Tloc       0%         N/A       100%        4
 Flame Wave               Conj/Fire      0%         2d4       100%        4
 Iskenderun's Mystic Bla  Conj/Tloc      0%         2d3       100%        4
 Leda's Liquefaction      Alch/Erth      0%         N/A       100%        4
 Manifold Assault         Tloc           0%         N/A       100%        4
 Olgreb's Toxic Radiance  Alch           0%         N/A       100%        4
 Sticky Flame             Fire/Alch      0%         2d4       100%        4
 Fireball                 Conj/Fire      0%         3d3       100%        5
 Irradiate                Conj/Alch      0%         3d11      100%        5
 Iskenderun's Battlesphe  Conj           0%         2d6       100%        5
 Lee's Rapid Deconstruct  Erth           0%         3d4*      100%        5
 Yara's Violent Unravell  Hex/Alch       0%         3d3       100%        5
 Bombard                  Conj/Erth      0%         9d1       100%        6
 Conjure Ball Lightning   Conj/Air       0%         3x3d6     100%        6
 Dispersal                Tloc           0%         N/A       100%        6
 Orb of Destruction       Conj           0%         9d5       100%        7
 Disjunction              Tloc           0%         N/A       100%        8
 Ignition                 Fire           0%         3d3       100%        8
 Polar Vortex             Ice            0%         N/A       100%        9


Dungeon Overview and Level Annotations

Branches:
Dungeon (1/1)

Altars:
Ashenzari
Cheibriados
Dithmenos
Elyvilon
Fedhas
Gozag
Hepliaklqana
Kikubaaqudgha
Makhleb
Nemelex Xobeh
Okawaru
Qazlal
Ru
Sif Muna
Trog
Uskayaw
Vehumet
Wu Jian
Xom
Yredelemnul
Zin
The Shining One
Jiyva
Lugonu


Innate Abilities, Weirdness & Mutations

You have a pair of horns on your head.
You sometimes lose the ability to read scrolls when taking damage.
You cannot be stealthy.
You cannot train Dodging skill.
You reflexively headbutt those who attack you in melee.


Message History

The fire giant hits you but does no damage.
Your Armour skill increases to level 14!
Unknown command.
You slice the fire giant!!
The fire giant is heavily wounded.
You barely miss the searing wretch. You hit the fire giant.
Unknown command.
You slice the fire giant!! You headbutt the fire giant!
The fire giant is almost dead.
You slice the searing wretch!! You slice the fire giant!!
The fire giant hits you but does no damage.
You block the fire giant's attack.
PTOANNNG!
You block the searing wretch's attack.
GONNNNG!
The searing wretch bites you but does no damage.
Unknown command.
You hit the fire giant.
You kill the fire giant!
You slice the searing wretch!! You slash the fire giant!
Training target 10.0 for Evocations reached!
Your Fighting skill increases to level 15!
Your Armour skill increases to level 15!
Your Evocations skill increases to level 10!
You slash the fire giant! You headbutt the fire giant!
The fire giant is severely wounded.
You slash the searing wretch! You block the fire giant's attack.
GONNNNG!
You block the searing wretch's attack.
SHROANNG!
You block the searing wretch's attack.
BOUMMMMG!
You slash the fire giant! You headbutt the fire giant.
The fire giant is severely wounded.
You slash the searing wretch!
Unknown command.
You slice the fire giant!!
You kill the fire giant!
You slash the searing wretch! The searing wretch claws you!!
You die...

▓...[)[)..▓
▓..="/[[..▓....[)...▓
▓.........▓.....))..▓
▓.........▓......)..▓
▓.........▓.....))..▓
▓.........▓.....))..▓
▓.........▓.▓..)..▓.▓
▓...).n...▓....©....▓
▓...)@)...▓▓▓▓▓▓▓▓▓▓▓
▓▓▓▓▓▓▓▓▓▓▓


You could see a searing wretch.

Vanquished Creatures
  A searing wretch (D)
  3 fire giants (D)
  A balrug (D)
  4 hell hogs (D)
  A spriggan druid (D)
  A black mamba (D)
  3 tarantellas (D)
  A glass eye (D)
  A slime creature (D)
  2 spriggans (D)
  A redback (D)
  5 hell hounds (D)
  5 black bears (D)
  2 orc warriors (D)
  A bullfrog (D)
  2 scorpions (D)
  2 crimson imps (D)
  2 quasits (D)
  2 jellies (D)
  2 orc priests (D)
  An iron imp (D)
  2 orc wizards (D)
  A river rat (D)
  2 shadow imps (D)
  3 white imps (D)
  3 ufetubi (D)
  An adder zombie (D)
  An adder skeleton (D)
  A bat skeleton (D)
  A jackal (D)
  A ball python zombie (D)
  A quokka skeleton (D)
  A fire vortex (D)
61 creatures vanquished.

Vanquished Creatures (collateral kills)
  An orc warrior (D)
  An orc priest (D)
  An orc wizard (D)
  A ball python (D)
4 creatures vanquished.

Grand Total: 65 creatures vanquished

Notes
Turn   | Place    | Note
-------+----------+-------------------------------------------
     0 | D        | Turgor the Minotaur Monk began the quest for the Orb.
     0 | D        | Reached XP level 1. HP: 19/19 MP: 0/0
    21 | D        | Found a blossoming altar of Fedhas.
    21 | D        | Found the +6 Majin-Bo {spellvamp, MP+6 Int+6}
    21 | D        | Found the +27 heavy crossbow "Sniper" {heavy, Acc+∞ SInv}
    21 | D        | Found the +10 dark maul {heavy}
    21 | D        | Found the +15 Maxwell's patent armour {-Cast -Tele rElec
                  | Will+ rCorr}
    21 | D        | Found the +18 shield of the Gong {Loud rN+ Will+ rCorr
                  | EV-5}
    21 | D        | Found the +16 obsidian axe {drain, demonic, Mesm ^Drain Fly
                  | SInv}
    21 | D        | Found the +7 great mace "Firestarter" {flame, immolate,
                  | rFlCloud rF++}
    21 | D        | Found the +6 shillelagh "Devastator" {shatter}
    21 | D        | Found the +11 plutonium sword {^Contam Stlth-}
    21 | D        | Found the +8 lance "Wyrmbane" {slay drac, rPois rF+ rC+
                  | AC+3}
    21 | D        | Found the +9 sword of Zonguldrok {reap}
    21 | D        | Found the +13 scythe of Curses {drain, curses, ^Drain}
    21 | D        | Found the +9 sword of Power {lifebolt}
    21 | D        | Found the +7 mace of Variability {chaos, chaos arc}
    21 | D        | Found the +11 Singing Sword {sonic wave}
    21 | D        | Found the +8 storm bow {elec, penet}
    28 | D        | Found a viscous altar of Jiyva.
    28 | D        | Found a hazy altar of Hepliaklqana.
    28 | D        | Found a transporter.
    28 | D        | Found an opulent altar of Gozag.
    28 | D        | Found an ancient bone altar of Kikubaaqudgha.
    28 | D        | Found a corrupted altar of Lugonu.
    32 | D        | Found a burning altar of Makhleb.
    33 | D        | Found a sacrificial altar of Ru.
    33 | D        | Found a shimmering blue altar of Sif Muna.
    33 | D        | Found a stormy altar of Qazlal.
    33 | D        | Found a bloodstained altar of Trog.
    33 | D        | Found an iron altar of Okawaru.
    33 | D        | Found a sparkling altar of Nemelex Xobeh.
    48 | D        | Became a worshipper of Ru the Awakened
    61 | D        | Gained mutation: You cannot train Dodging skill. [Ru
                  | sacrifice]
    61 | D        | Reached * piety under Ru
    64 | D        | Entered arena 2.
    64 | D        | Noticed a hell hound
    64 | D        | Found a transporter.
    77 | D        | Killed a hell hound
    78 | D        | Reached skill level 8 in Axes
    78 | D        | Reached skill level 5 in Armour
    78 | D        | Reached XP level 2. HP: 9/31 MP: 1/1
    78 | D        | Reached XP level 3. HP: 11/38 MP: 2/2
    78 | D        | Reached XP level 4. HP: 13/45 MP: 3/3
   196 | D        | Entered arena 3.
   196 | D        | Noticed a bullfrog
   196 | D        | Found a transporter.
   201 | D        | Killed a bullfrog
   202 | D        | Reached skill level 9 in Axes
   202 | D        | Reached XP level 5. HP: 46/52 MP: 4/4
   231 | D        | Entered arena 4.
   231 | D        | Noticed a glass eye
   231 | D        | Noticed a slime creature
   231 | D        | Found a transporter.
   237 | D        | Killed a slime creature
   238 | D        | Reached skill level 11 in Axes
   238 | D        | Reached XP level 6. HP: 58/61 MP: 5/5
   244 | D        | Killed a glass eye
   245 | D        | Reached skill level 12 in Axes
   245 | D        | Reached XP level 7. HP: 68/69 MP: 6/6
   266 | D        | Entered arena 5.
   266 | D        | Found a transporter.
   293 | D        | Entered arena 6.
   293 | D        | Found a transporter.
   314 | D        | Gained mutation: You cannot be stealthy. [Ru sacrifice]
   314 | D        | Reached ** piety under Ru
   316 | D        | Entered arena 7.
   316 | D        | Noticed a tarantella
   316 | D        | Noticed a tarantella
   316 | D        | Noticed a redback
   316 | D        | Noticed a tarantella
   322 | D        | Reached skill level 13 in Axes
   322 | D        | Reached skill level 10 in Shields
   322 | D        | Killed a redback
   329 | D        | Killed a tarantella
   330 | D        | Reached skill level 10 in Fighting
   330 | D        | Reached XP level 8. HP: 66/79 MP: 7/7
   336 | D        | Killed a tarantella
   337 | D        | Reached skill level 14 in Axes
   339 | D        | Found a transporter.
   341 | D        | Killed a tarantella
   358 | D        | Got the staff "Buog" {rElec rF+ Fire}
   362 | D        | Entered arena 8.
   374 | D        | Found a transporter.
   386 | D        | Got the staff of Muajol {^Drain rPois rC+++ rN+ Will-
                  | Necro}
   394 | D        | Entered arena 9.
   402 | D        | Reached skill level 1 in Evocations
   403 | D        | Reached skill level 10 in Armour
   406 | D        | Found a transporter.
   411 | D        | Reached skill level 15 in Axes
   411 | D        | Reached XP level 9. HP: 65/89 MP: 8/8
   411 | D        | Reached skill level 5 in Evocations
   411 | D        | Reached XP level 10. HP: 69/95 MP: 9/9
   413 | D        | Gained mutation: You occasionally lose the ability to read
                  | scrolls when taking damage. [Ru sacrifice]
   413 | D        | Gained mutation: You sometimes lose the ability to read
                  | scrolls when taking damage. [Ru sacrifice]
   413 | D        | Reached *** piety under Ru
   418 | D        | Got the Catalogue of Rationality
   483 | D        | Entered arena 10.
   483 | D        | Noticed a spriggan druid
   507 | D        | Killed a spriggan druid
   508 | D        | Reached skill level 16 in Axes
   512 | D        | Found a transporter.
   533 | D        | Got the staff of Dionit {rElec rPois rF+ Alchemy}
   537 | D        | Entered arena 11.
   537 | D        | Found the +3 robe of Clouds {*Thunder rCloud rElec}
   542 | D        | Found a transporter.
   604 | D        | Entered arena 12.
   604 | D        | Noticed a black mamba
   604 | D        | Noticed a fire giant
   604 | D        | Noticed a fire giant
   604 | D        | Noticed a searing wretch
   604 | D        | Noticed a searing wretch
   604 | D        | Noticed a hell hog
   604 | D        | Noticed a balrug
   604 | D        | Noticed a fire giant
   604 | D        | Noticed a hell hog
   605 | D        | Noticed a hell hog
   605 | D        | Noticed a hell hog
   612 | D        | Killed a black mamba
   618 | D        | Killed a hell hog
   619 | D        | Reached skill level 17 in Axes
   619 | D        | Killed a balrug
   619 | D        | Killed a hell hog
   620 | D        | Reached XP level 11. HP: 58/107 MP: 10/10
   620 | D        | Killed a searing wretch
   621 | D        | Reached skill level 18 in Axes
   621 | D        | Reached skill level 15 in Shields
   623 | D        | Killed a hell hog
   624 | D        | Killed a fire giant
   624 | D        | Killed a hell hog
   627 | D        | Killed a fire giant
   628 | D        | Reached skill level 15 in Fighting
   628 | D        | Reached skill level 15 in Armour
   628 | D        | Reached skill level 10 in Evocations
   630 | D        | Killed a fire giant
   630 | D        | Slain by a searing wretch

Illustrated notes

Levels and vault maps discovered:
D:        sprint_v [room_start, room_1, room_2, room_3, room_4, room_5, room_6,
          room_7, room_8, room_9, room_10, room_11, room_12, room_13, room_14,
          room_15, room_16, room_17, room_18, room_19, room_20, room_21,
          room_22, room_23, room_24, room_25, room_26, room_27]

Skill      XL: |  1  2  3  4  5  6  7  8  9 10 11 |
---------------+----------------------------------+-----
Dodging        | 0 |  0.0
Fighting       | 6 7 8 10 11 13 15 | 15.4
Axes           | 8 9 11 12 13 15 17 18 | 18.0
Armour         | 5 7 9 10 12 15 | 15.0
Shields        | 3 7 8 10 12 13 14 15 | 15.0
Evocations     | 1 5 7 10 | 10.0

Action                     |  1- 3 |  4- 6 |  7- 9 | 10-12 || total
---------------------------+-------+-------+-------+-------++-------
  Melee: Broad axe         |    11 |    16 |    47 |    50 ||   124
         Headbutt          |       |     1 |     4 |    12 ||    17
 Invoke: Sacrifice Nimblen |     1 |       |       |       ||     1
         Sacrifice Stealth |       |       |     1 |       ||     1
         Sacrifice Words   |       |       |       |     1 ||     1
  Evoke: Box of beasts     |       |       |     1 |     1 ||     2
         Wand              |       |       |       |     2 ||     2
    Use: Potion            |     1 |     1 |     4 |     2 ||     8
         Scroll            |       |       |     4 |       ||     4
   Stab: Invisible         |       |       |       |     1 ||     1
 Armour: Gold dragon scale |    14 |     4 |    22 |    32 ||    72
  Dodge: Dodged            |     2 |     2 |     1 |     1 ||     6
  Block: Buckler           |     6 |     2 |       |       ||     8
         Kite shield       |       |     5 |    67 |    73 ||   145
